 Dungeon Crawl Stone Soup version 0.24.0-125-gc4c63601f3 (webtiles) character file.

Game seed: 5028306729751254360, levelgen mode: deterministic

6237 nightchill the Geomancer (level 10, -10/63 HPs)
             Began as a Gargoyle Earth Elementalist on Mar 15, 2020.
             Was an Elder of Okawaru.
             Mangled by Erolcha
             ... wielding a +0 giant spiked club
              (20 damage)
             ... on level 9 of the Dungeon.
             The game lasted 00:58:19 (12724 turns).

nightchill the Geomancer (GrEE)                    Turns: 12724, Time: 00:58:19

Health: -10/63     AC: 16    Str: 16    XL:     10   Next: 93%
Magic:  2/24       EV: 14    Int: 15    God:    Okawaru [****..]
Gold:   449        SH:  0    Dex: 10    Spells: 5/15 levels left

rFire    . . .     SeeInvis .   a - +0 morningstar
rCold    . . .     Gourm    .   (no shield)
rNeg     + + .     Faith    .   F - +2 robe {rN+}
rPois    ∞         Spirit   .   D - +0 helmet
rElec    +         Reflect  .   w - +2 cloak
rCorr    .         Harm     .   (no gloves)
MR       .....                  (no boots)
Stlth    +++.......             (no amulet)
HPRegen  0.20/turn              r - ring of magical power (curse)
MPRegen  0.19/turn              (no ring)

@: heroism, very slightly contaminated
A: negative energy resistance 1, electricity resistance, unbreathing,
petrification resistance, rot immunity, AC +7
a: Heroism, Renounce Religion


You were on level 9 of the Dungeon.
You worshipped Okawaru.
Okawaru was greatly pleased with you.
You were near starving.

You visited 2 branches of the dungeon, and saw 10 of its levels.

You collected 449 gold pieces.

Inventory:

Hand Weapons
 a - a +0 morningstar (weapon)
 b - a +0 hunting sling
 e - a +0 mace
 E - a +0 mace of holy wrath
Missiles
 k - 65 sling bullets
 n - 6 boomerangs
 x - 8 javelins
 A - 228 stones (quivered)
 C - 72 arrows
Armour
 w - a +2 cloak (worn)
 D - a +0 helmet (worn)
 F - a +2 robe of positive energy (worn)
Magical Staves
 H - an uncursed staff of conjuration
Jewellery
 r - a cursed ring of magical power (left hand)
Wands
 m - a wand of flame (14)
 z - a wand of disintegration (15)
 G - a wand of random effects (15)
Scrolls
 g - 5 scrolls of remove curse
 h - 3 scrolls of amnesia
 i - 4 scrolls of magic mapping {unknown}
 l - 3 scrolls of teleportation
 q - 2 scrolls of enchant armour {unknown}
 s - a scroll of fog
 u - 2 scrolls of enchant weapon {unknown}
 y - 5 scrolls of identify
 B - a scroll of blinking {unknown}
Potions
 f - 3 potions of mutation
 j - a potion of lignification
 o - 4 potions of curing
 p - a potion of heal wounds
 t - a potion of haste
 v - a potion of cancellation {unknown}
Comestibles
 c - a chunk of flesh
 d - 8 rations


   Skills:
 + Level 7.3(12.3) Fighting
 * Level 9.5(14.5) Maces & Flails
 - Level 1.5(6.5) Dodging
 - Level 2.1(7.1) Stealth
 + Level 3.1 Spellcasting
 - Level 0.7 Transmutations
 + Level 11.0 Earth Magic
 + Level 6.7 Invocations


You had 5 spell levels left.
You knew the following spells:

 Your Spells              Type           Power        Failure   Level  Hunger
a - Sandblast             Erth           #####.       1%          1    #......
b - Passwall              Tmut/Erth      ###.....     2%          2    ##.....
c - Lee's Rapid Deconstr  Erth           #####.....   6%          5    ######.
d - Sticks to Snakes      Tmut           #.......     22%         2    ##.....

Your spell library contained the following spells:

 Spells                   Type           Power        Failure   Level  Hunger
 Stone Arrow              Conj/Erth      ###...       6%          3    ###....
 Beastly Appendage        Tmut           #.....       14%         1    #......
 Petrify                  Tmut/Erth      ###.....     19%         4    #####..
 Spider Form              Tmut/Pois      #.........   45%         3    ###....
 Ice Form                 Ice/Tmut       #.......     86%         4    #####..
 Blade Hands              Tmut           #.........   99%         5    ######.


Dungeon Overview and Level Annotations

Branches:
Dungeon (9/15)             Temple (1/1) D:4
   Lair: D:8-11         Orc: D:9-12

Altars:
Ashenzari
Cheibriados
Dithmenos
Elyvilon
Hepliaklqana
Kikubaaqudgha
Makhleb
Nemelex Xobeh
Okawaru
Qazlal
Ru
Sif Muna
Trog
Uskayaw
Vehumet
Wu Jian
Xom
Zin
The Shining One

Shops:
D:4 *

Annotations:
D:2 exclusion: 2 downstairs
D:3 exclusion: downstairs
D:4 Pikel
D:7 exclusion: door
D:9 Erolcha


Innate Abilities, Weirdness & Mutations

You are resistant to torment.
Your stone body is resilient. (AC +7)
You are immune to poison.
You resist negative energy. (rN+)
You are resistant to electric shocks. (rElec)
You can survive without breathing.
You are immune to petrification.
You are immune to rotting.


Message History

There is an open door here.
You close the door.
Erolcha opens the door.
You close the door.
Erolcha opens the door.
Casting: Lee's Rapid Deconstruction (safe; 6% risk of failure)
Confirm with . or Enter, or press ? or * to list all spells.
You don't have enough magic to cast that spell.
You feel much better. Erolcha misses you.
You gain the combat prowess of a mighty hero.
Erolcha hits you with a +0 giant spiked club.
Some of the chunks of flesh in your inventory have rotted away.
You hit Erolcha but do no damage.
Erolcha is heavily wounded.
Erolcha casts a spell at you. The bolt of cold hits you!!
* * * LOW HITPOINT WARNING * * *
You closely miss Erolcha.
Erolcha is heavily wounded.
Erolcha growls.
Erolcha hits you with a +0 giant spiked club!!
You die...

....)o##.......#.#........#
#))o.c...O.#.'........#
####.g...g.###........#
######'## #........# ##.c.#
####'##### #g.### #.).#
#c## ###.# #####O##
###'#### #.....@# #.......
#......# ####.......
#......# #..'.......
+......# #.##.......
#......# .. #.......
#......+ ## #.......
#......# #....... ####+###
#...)... #..# #####'##


You could see Erolcha, a centaur and a gnoll.

Vanquished Creatures
  Erica (D:8)
  A kobold demonologist (D:7)
  Sigmund (D:3)
  5 yaks
  A hungry ghost (D:7)
  2 ice beasts
  2 orc warriors
  3 sky beasts
  3 black bears
  2 necrophages
  3 phantoms
  6 ogres
  A centaur (D:7)
  5 bullfrogs
  2 scorpions
  6 killer bees (D:7)
  4 howler monkeys
  A bullfrog zombie (D:6)
  2 crimson imps
  4 hounds
  11 orc priests
  2 jellies
  10 orc wizards
  2 bullfrog skeletons
  8 worker ants
  2 hound zombies
  2 hound skeletons
  2 worker ant zombies
  10 adders
  6 gnolls
  4 shadow imps
  2 oozes (D:4)
  An adder skeleton (D:7)
  5 worms
  4 dart slugs
  7 leopard geckos
  45 orcs
  2 ball pythons
  6 bats
  5 giant cockroaches
  2 goblins
  2 hobgoblins
  5 quokkas
  A ball python skeleton (D:5)
  3 frilled lizards
  5 kobolds
  A leopard gecko skeleton (D:8)
  8 rats
218 creatures vanquished.

Vanquished Creatures (others)
  An orc (D:9)
1 creature vanquished.

Grand Total: 219 creatures vanquished

Notes
Turn   | Place    | Note
-------+----------+-------------------------------------------
     0 | D:1      | nightchill the Gargoyle Earth Elementalist began the quest
                  | for the Orb.
     0 | D:1      | Reached XP level 1. HP: 10/10 MP: 3/3
   382 | D:1      | Reached skill level 4 in Earth Magic
   382 | D:1      | Reached XP level 2. HP: 16/16 MP: 5/5
   543 | D:1      | Reached skill level 1 in Maces & Flails
   729 | D:1      | Reached skill level 1 in Fighting
  1072 | D:1      | Learned a level 2 spell: Passwall
  1451 | D:2      | Reached XP level 3. HP: 20/20 MP: 6/6
  1815 | D:2      | Found a shimmering altar of Xom.
  1815 | D:2      | Found a shimmering altar of Xom.
  1824 | D:2      | Found a shimmering altar of Xom.
  1824 | D:2      | Found a shimmering altar of Xom.
  2073 | D:2      | Found an ancient bone altar of Kikubaaqudgha.
  2484 | D:3      | Noticed Sigmund
  2998 | D:3      | Reached XP level 4. HP: 23/25 MP: 4/7
  3015 | D:3      | Reached skill level 5 in Earth Magic
  3360 | D:4      | Found a staircase to the Ecumenical Temple.
  3383 | Temple   | Entered the Ecumenical Temple
  3451 | Temple   | Became a worshipper of Warmaster Okawaru
  3487 | D:4      | Found a bloodstained altar of Trog.
  3488 | D:4      | Noticed an ogre
  3492 | D:4      | Killed an ogre
  3492 | D:4      | Reached XP level 5. HP: 31/31 MP: 4/8
  3531 | D:4      | Learned a level 5 spell: Lee's Rapid Deconstruction
  3597 | D:4      | Reached XP level 6. HP: 16/36 MP: 5/9
  4151 | D:4      | Found Tink's Mayhem Merchandise.
  4154 | D:4      | Reached skill level 1 in Invocations
  4162 | D:4      | Reached skill level 6 in Earth Magic
  4219 | D:4      | Noticed a slave
  4220 | D:4      | Noticed Pikel
  4220 | D:4      | Noticed a slave
  4221 | D:4      | Noticed a slave
  4221 | D:4      | Noticed a slave
  4278 | D:3      | Killed Sigmund
  4278 | D:3      | Reached * piety under Okawaru
  4278 | D:3      | Reached XP level 7. HP: 32/41 MP: 1/10
  4761 | D:5      | Entered Level 5 of the Dungeon
  4770 | D:5      | Learned a level 2 spell: Sticks to Snakes
  5113 | D:5      | Found a stormy altar of Qazlal.
  5330 | D:5      | Reached skill level 7 in Earth Magic
  5719 | D:5      | Reached skill level 5 in Maces & Flails
  5719 | D:5      | Reached XP level 8. HP: 48/48 MP: 8/11
  5992 | D:5      | Reached ** piety under Okawaru
  6114 | D:6      | Identified the +9 scimitar of Aledamum {drain, Dex+6}
  6475 | D:6      | Reached skill level 8 in Earth Magic
  7088 | D:6      | Reached XP level 9. HP: 46/53 MP: 2/12
  7111 | D:6      | Reached skill level 5 in Fighting
  7111 | D:6      | Reached skill level 9 in Earth Magic
  7265 | D:6      | Found a radiant altar of Vehumet.
  8046 | D:7      | Reached *** piety under Okawaru
  8309 | D:7      | Reached skill level 5 in Invocations
  8545 | D:7      | Reached skill level 10 in Earth Magic
  8606 | D:7      | Found a shattered altar of Ashenzari.
  9445 | D:7      | Reached XP level 10. HP: 53/60 MP: 14/14
  9602 | D:7      | Noticed a purple ugly thing
  9602 | D:7      | Noticed a kobold demonologist
  9694 | D:7      | Noticed a sixfirhy
  9698 | D:7      | Killed a kobold demonologist
  9698 | D:7      | Reached **** piety under Okawaru
 10352 | D:7      | Found a hide-covered altar of Uskayaw.
 11442 | D:8      | Noticed Erica
 11461 | D:8      | Killed Erica
 12452 | D:9      | Reached skill level 11 in Earth Magic
 12701 | D:9      | Noticed Erolcha
 12724 | D:9      | Mangled by Erolcha

Levels and vault maps discovered:
D:1:      saegor_arrival_under_anarchy, layout_basic
D:2:      layout_loops_ring, nicolae_overflow_hidden_temple, xom_redecorated
D:3:      layout_rooms, cheibrodos_sewer_entry_bend, uniq_sigmund
D:4:      layout_loops_ring, nicolae_gozag_zags_fifth_avenue,
          nicolae_overflow_crystal_walls, minmay_temple_entry_purple_smoke,
          minmay_shop_mayhem, minmay_ruptured, uniq_pikel
D:5:      layout_loops_ring, nicolae_qazlal_general_emergency, first_ration,
          kennysheep_minor_cross, hex_tiny
D:6:      layout_rooms, overflow_temple_1_default
D:7:      minmay_the_grid_triangle_9x9_rhombus_full
          [minmay_the_grid_triangle_9x9_skeleton,
          minmay_the_grid_triangle_9x9_warning,
          minmay_the_grid_triangle_9x9_corrupted_corridor,
          minmay_the_grid_triangle_9x9_longest,
          minmay_the_grid_triangle_9x9_thin_v,
          minmay_the_grid_triangle_9x9_stretched_checkered,
          minmay_the_grid_triangle_9x9_windchime,
          minmay_the_grid_triangle_9x9_prize_top_heavy], layout_basic,
          ashenzari_altar_1, kennysheep_mini_moat,
          minmay_fractal_squares_diagonal_5
D:8:      layout_gridville, uniq_erica
D:9:      layout_roguey, marbit_many_paths, grunt_livestock, uniq_erolcha
Temple:   eino_temple_water

Skill      XL: |  1  2  3  4  5  6  7  8  9 10 |
---------------+-------------------------------+-----
Earth Magic    | 4 5 6 7 8 10 11 | 11.0
Maces & Flails | 1 3 4 5 6 8 9 |  9.5
Fighting       | 1 2 3 4 6 7 |  7.3
Invocations    | 1 2 4 5 6 |  6.7
Spellcasting   | 3 |  3.1
Dodging        | |  1.5
Stealth        | |  2.1
Transmutations | |  0.7

Action                   |  1- 3 |  4- 6 |  7- 9 | 10-12 || total
-------------------------+-------+-------+-------+-------++-------
Melee: Hand axe          |    16 |       |       |       ||    16
       Mace              |   107 |       |       |       ||   107
       Morningstar       |       |    50 |   363 |   166 ||   579
 Fire: Hunting sling     |       |       |       |     3 ||     3
Throw: Stone             |     1 |     1 |    12 |     1 ||    15
 Cast: Sandblast         |    13 |    23 |    60 |    24 ||   120
       Passwall          |     1 |     1 |     1 |     2 ||     5
       Lee's Rapid Decon |       |     1 |    10 |    17 ||    28
Invok: Heroism           |       |       |     3 |     2 ||     5
  Use: Scroll            |     7 |       |     3 |       ||    10
       Potion            |       |       |       |     1 ||     1
 Stab: Sleeping          |     9 |     3 |     1 |     1 ||    14
  Eat: Chunk             |     7 |     4 |    21 |     9 ||    41
       Ration            |       |       |     1 |     2 ||     3
Armor: Robe              |    76 |    30 |   175 |    86 ||   367
Dodge: Dodged            |   182 |    33 |   241 |   105 ||   561
